 Dungeon Crawl Stone Soup version 0.18-a0-142-gfdd910a (webtiles) character file.

141488 Duffy the Fighter (level 16, 120/120 HPs)
             Began as a High Elf Skald on Nov 23, 2015.
             Was the Champion of the Shining One.
             Quit the game on level 4 of the Orcish Mines.
             The game lasted 01:06:45 (37113 turns).

Duffy the Fighter (High Elf Skald)                 Turns: 37113, Time: 01:06:45

Health: 120/120    AC: 14    Str: 12    XL:     16   Next: 78%
Magic:  30/30      EV: 23    Int: 17    God:    the Shining One [******]
Gold:   2728       SH:  0    Dex: 24    Spells: 5 memorised, 16 levels left

rFire  + + .     SeeInvis .     a - +7 lajatang (flame)
rCold  . . .     Clarity  .     W - +3 ring mail {rF+}
rNeg   + + +     SustAt   .     (shield currently unavailable)
rPois  +         Gourm    .     (no helmet)
rElec  .         Spirit   .     H - +0 cloak {+Inv}
rCorr  .         Warding  .     c - +2 pair of gloves {Dex+3}
rMut   +         Stasis   .     (no boots)
MR     +....                    i - amulet of resist mutation
Stlth  +.........               J - ring of protection from fire
                                Q - ring of poison resistance

@: glowing, somewhat resistant to hostile enchantments, very unstealthy
A: no striking features
a: Divine Shield, Cleansing Flame, Summon Divine Warrior, Brand Weapon With Holy
Wrath, Renounce Religion, Evoke Invisibility


You were on level 4 of the Orcish Mines.
You worshipped the Shining One.
The Shining One was exalted by your worship.
You were not hungry.

You visited 3 branches of the dungeon, and saw 27 of its levels.
You also visited: Labyrinth, Ice Cave and Volcano.

You collected 3049 gold pieces.
You spent 321 gold pieces at shops.


   Skills:
 + Level 14.6 Fighting
   Level 5.0 Long Blades
 - Level 14.0 Staves
 - Level 7.0 Armour
 + Level 13.6 Dodging
 - Level 9.0 Spellcasting
 - Level 6.2 Hexes
 - Level 13.2 Charms
 - Level 5.2 Evocations


You had 16 spell levels left.
You knew the following spells:

 Your Spells              Type           Power        Failure   Level  Hunger
a - Spectral Weapon       Hex/Chrm       #####...     1%          3    None
c - Song of Slaying       Chrm           ######..     1%          2    None
A - Apportation           Tloc           #.........   21%         1    None
H - Haste                 Chrm           ######..     14%         6    ######.
S - Silence               Hex/Air        ###.......   98%         5    #####..

Inventory:

Hand Weapons
 a - a +7 lajatang of flaming (weapon)
Missiles
 g - 4 throwing nets (quivered)
Armour
 c - a +2 pair of gloves of dexterity (worn)
 E - a steam dragon hide
 H - a +0 cloak of invisibility (worn)
 W - a +3 ring mail of fire resistance (worn)
Jewellery
 e - an uncursed ring of ice
 i - an amulet of resist mutation (around neck)
 k - an uncursed amulet of clarity
 r - an uncursed amulet of guardian spirit
 D - an uncursed amulet of rage
 J - a ring of protection from fire (right hand)
 Q - a ring of poison resistance (left hand)
 Z - an uncursed amulet of stasis
Wands
 w - a wand of disintegration (3)
 y - a wand of cold (5)
 R - a wand of fire (4)
 V - a wand of teleportation (5)
Scrolls
 h - 2 scrolls of fog
 n - 3 scrolls of blinking
 o - 2 scrolls of enchant armour
 p - 5 scrolls of teleportation
 q - a scroll of fear
 A - 8 scrolls of remove curse
 F - 2 scrolls of immolation
 G - 3 scrolls of summoning
 I - a scroll of silence
 O - 3 scrolls of recharging
Potions
 f - a potion of heal wounds
 j - 6 potions of haste
 m - 5 potions of agility
 s - 4 potions of magic
 u - 9 potions of curing
 B - 7 potions of flight
 C - a potion of might
 K - a potion of cure mutation
 L - 2 potions of cancellation
 M - 2 potions of resistance
 S - 3 potions of lignification
 X - a potion of brilliance
Comestibles
 d - 13 bread rations
 l - 10 meat rations
 P - 15 fruits
 U - 6 slices of pizza

Dungeon Overview and Level Annotations

Branches:
Dungeon (15/15)            Temple (0/1) D:4            Lair (8/8) D:8
 Shoals (0/4) Lair:6        Snake (0/4) Lair:5        Slime (0/6) Lair:8
    Orc (4/4) D:11         Vaults (0/5) D:13
    Elf: Orc:3-4     Depths: D:15

Altars:
Ashenzari
Elyvilon
Okawaru
Ru
Yredelemnul
The Shining One
Beogh

Shops:
D:7 }   D:8 ?   Orc:4 :**!

Annotations:
D:7 exclusion: ice statue
D:11 exclusion: orange crystal statue
D:15 exclusion: door


Message History

An orc warrior comes into view. It is wielding a hand axe.
The orc warrior shouts!
Your ring mail prevents you from hitting the orc warrior.
You slash the orc warrior! You burn the orc warrior.
The orc warrior is heavily wounded.
You slash the orc warrior! You burn the orc warrior.
The orc warrior is almost dead.
The orc warrior hits you but does no damage.
You hit the orc warrior but do no damage.
The orc warrior is almost dead.
The orc barely misses you.
You hit the orc warrior. You burn the orc warrior.
You kill the orc warrior!
The orc completely misses you.
You slice the orc!! You burn the orc.
You kill the orc!
The orc completely misses you.
You slice the orc!! You burn the orc.
You kill the orc!
No target in view!
No target in view!
No target in view!
No target in view!
No target in view!
No target in view!
No target in view!
No target in view!
No target in view!
No target in view!
No target in view!
No target in view!
No target in view!
Items here: )) [ †† a club; a hand axe; a shiny chain mail; an orc corpse; an orc corpse Are you sure you want to abandon this character and quit the game? (Confirm with "yes".)

# .#. ... #. '.##'# .###+#####.
#.. #...o. ..#....... #.....#...#
#....# #.#....### #.....##..##
#....# #.#..).#.. #.$....#...#
...# #....).'.. ##.........#
####.#####)####.#..
.##........####.@....†)))#..#)###
............8##[####).)..#..'.###
.............'..# #..)..#..#)...
[))...(.....8##.' #()...####.###
.##).......####.# #.)........#
##..)......# #.####.#####.####
#....).....# +......# #...
#....))))).# ######.# ...
#....)..)..## #.# ..


There were no monsters in sight!

Action                   |  1- 3 |  4- 6 |  7- 9 | 10-12 | 13-15 | 16-18 || total
-------------------------+-------+-------+-------+-------+-------+-------++-------
Melee: Falchion          |   173 |    54 |       |       |       |       ||   227
       Lajatang          |       |    31 |   242 |   433 |  1231 |   703 ||  2640
       Scimitar          |       |       |       |       |    20 |    13 ||    33
 Cast: Spectral Weapon   |     2 |     9 |    27 |    37 |    29 |     6 ||   110
       Haste             |       |       |       |       |     8 |    13 ||    21
 Abil: Evoke Berserk Rag |       |       |     1 |     2 |     8 |       ||    11
Evoke: Wand              |       |       |       |       |     2 |     2 ||     4
  Use: Scroll            |       |     4 |    19 |    17 |     7 |     6 ||    53
       Potion            |       |       |       |     5 |     4 |     7 ||    16
 Stab: Sleeping          |     1 |     1 |       |       |       |       ||     2
       Distracted        |       |       |       |     1 |     1 |       ||     2
  Eat: Chunk             |     4 |     5 |    21 |    26 |    41 |    22 ||   119
       Pizza             |       |     2 |       |       |       |       ||     2
       Bread ration      |       |       |       |     2 |       |       ||     2
       Beef jerky        |       |       |       |       |     5 |     2 ||     7
       Royal jelly       |       |       |       |       |     3 |     4 ||     7

Notes
Turn   | Place    | Note
--------------------------------------------------------------
     0 | D:1      | Duffy the High Elf Skald began the quest for the Orb.
     0 | D:1      | Reached XP level 1. HP: 14/14 MP: 4/4
   285 | D:1      | Reached XP level 2. HP: 19/19 MP: 6/6
   322 | D:1      | Reached skill level 3 in Long Blades
   583 | D:1      | Found a glowing golden altar of the Shining One.
   590 | D:1      | Became a worshipper of the Shining One
   923 | D:2      | Reached skill level 4 in Charms
  1023 | D:2      | Reached XP level 3. HP: 21/24 MP: 8/8
  1061 | D:2      | Learned a level 3 spell: Spectral Weapon
  1901 | D:3      | Reached skill level 4 in Long Blades
  2027 | D:3      | Reached XP level 4. HP: 16/29 MP: 6/9
  2290 | D:3      | Found a faded altar to an unknown god.
  2739 | D:4      | Noticed Blork the orc
  2742 | D:4      | Noticed an ogre
  3101 | D:4      | Reached skill level 1 in Hexes
  3105 | D:4      | Reached skill level 5 in Long Blades
  3105 | D:4      | Reached XP level 5. HP: 18/34 MP: 3/10
  3275 | D:4      | Found a staircase to the Ecumenical Temple.
  3302 | D:4      | Reached skill level 2 in Hexes
  3571 | D:4      | Killed Blork the orc
  3571 | D:4      | Reached skill level 1 in Staves
  3571 | D:4      | Reached skill level 3 in Hexes
  3665 | D:4      | Killed an ogre
  3665 | D:4      | Reached skill level 2 in Staves
  3665 | D:4      | Reached XP level 6. HP: 20/39 MP: 3/11
  4014 | D:4      | Reached * piety under the Shining One
  4032 | D:4      | Reached skill level 4 in Hexes
  4234 | D:4      | Noticed Eustachio
  4243 | D:4      | Killed Eustachio
  4243 | D:4      | Reached skill level 3 in Staves
  4243 | D:4      | Reached XP level 7. HP: 39/45 MP: 8/12
  4360 | D:4      | Found a white marble altar of Elyvilon.
  4534 | D:4      | Reached skill level 4 in Staves
  4584 | D:4      | Reached skill level 5 in Hexes
  4704 | D:4      | Noticed Crazy Yiuf
  4718 | D:4      | Killed Crazy Yiuf
  4808 | D:5      | Entered Level 5 of the Dungeon
  5080 | D:5      | Reached skill level 5 in Staves
  5092 | D:5      | Reached XP level 8. HP: 31/50 MP: 6/13
  5231 | D:5      | Noticed Prince Ribbit
  5293 | D:5      | Killed Prince Ribbit
  5293 | D:5      | Reached skill level 3 in Fighting
  6230 | D:5      | Reached skill level 6 in Staves
  6247 | D:5      | Reached skill level 6 in Hexes
  6330 | D:5      | Found a basalt altar of Yredelemnul.
  6919 | D:6      | Reached skill level 5 in Charms
  7030 | D:6      | Reached skill level 1 in Evocations
  7237 | D:6      | Reached skill level 2 in Evocations
  7278 | D:6      | Reached skill level 7 in Staves
  7378 | D:6      | Reached ** piety under the Shining One
  7595 | D:6      | Reached skill level 3 in Evocations
  7595 | D:6      | Reached XP level 9. HP: 56/56 MP: 11/14
  7978 | D:7      | Reached skill level 4 in Evocations
  7980 | D:7      | Found Jiykkile's Gadget Emporium.
  8115 | D:7      | Reached skill level 2 in Dodging
  8359 | D:7      | Reached skill level 8 in Staves
  8565 | D:7      | Reached skill level 3 in Dodging
  8962 | D:7      | Noticed an ice statue
  9038 | D:8      | Reached skill level 4 in Fighting
  9226 | D:8      | Noticed Maurice
  9245 | D:8      | Killed Maurice
  9245 | D:8      | Reached skill level 4 in Dodging
  9368 | D:8      | Noticed Pikel
  9379 | D:8      | Killed Pikel
  9379 | D:8      | Reached skill level 5 in Fighting
  9379 | D:8      | Reached skill level 9 in Staves
  9379 | D:8      | Reached XP level 10. HP: 53/66 MP: 11/15
  9626 | D:8      | Found Bum Wausiule's Magic Scroll Boutique.
  9697 | D:8      | Bought a scroll of enchant weapon for 97 gold pieces
  9697 | D:8      | Bought a scroll of identify for 26 gold pieces
  9697 | D:8      | Bought a scroll of identify for 26 gold pieces
  9697 | D:8      | Bought a scroll of identify for 26 gold pieces
  9697 | D:8      | Bought a scroll of identify for 26 gold pieces
  9697 | D:8      | Bought a scroll of magic mapping for 45 gold pieces
  9714 | D:8      | Found a staircase to the Lair.
  9766 | D:8      | Reached skill level 5 in Dodging
 10735 | D:8      | Reached skill level 6 in Fighting
 10931 | D:9      | Reached skill level 6 in Dodging
 11316 | D:9      | Reached *** piety under the Shining One
 11575 | D:9      | Found a shattered altar of Ashenzari.
 11998 | D:10     | Entered Level 10 of the Dungeon
 12003 | D:10     | Reached skill level 7 in Dodging
 12006 | D:10     | Reached skill level 10 in Staves
 12072 | D:10     | Noticed a hill giant
 12072 | D:10     | Reached **** piety under the Shining One
 12081 | D:10     | Killed a hill giant
 12081 | D:10     | Reached skill level 7 in Fighting
 12209 | D:10     | Noticed a centaur warrior
 12363 | D:10     | Killed a centaur warrior
 12363 | D:10     | Reached XP level 11. HP: 30/75 MP: 12/16
 12785 | D:10     | Noticed a hill giant
 12914 | Lair:1   | Entered Level 1 of the Lair of Beasts
 12929 | Lair:1   | Reached skill level 8 in Dodging
 13622 | Lair:1   | Reached skill level 8 in Fighting
 14536 | Lair:1   | Reached skill level 11 in Staves
 14693 | Lair:1   | Reached skill level 9 in Dodging
 14847 | Lair:2   | Found a labyrinth entrance.
 14881 | Lab      | Entered a labyrinth
 15260 | Lab      | Noticed a minotaur
 15273 | Lab      | Killed a minotaur
 15408 | Lair:2   | Reached skill level 9 in Fighting
 16385 | Lair:2   | Reached skill level 10 in Dodging
 16701 | Lair:3   | Reached XP level 12. HP: 66/86 MP: 13/17
 16780 | Lair:3   | Found a dark tunnel.
 16788 | Volcano  | Entered a volcano
 16916 | Volcano  | Reached ***** piety under the Shining One
 17316 | Lair:3   | Reached skill level 5 in Evocations
 17575 | Lair:3   | Noticed Nergalle
 17599 | Lair:3   | Killed Nergalle
 17599 | Lair:3   | Reached skill level 10 in Fighting
 17739 | Lair:1   | Reached skill level 14 in Staves
 17739 | Lair:1   | Reached XP level 13. HP: 92/92 MP: 18/18
 17740 | Lair:1   | Reached skill level 11 in Fighting
 17740 | Lair:1   | Reached XP level 14. HP: 97/102 MP: 19/19
 17761 | Lair:1   | Learned a level 2 spell: Song of Slaying
 17768 | Lair:1   | Learned a level 6 spell: Haste
 17774 | Lair:1   | Learned a level 5 spell: Silence
 17858 | Lair:3   | Reached skill level 12 in Fighting
 18160 | Lair:4   | Reached skill level 3 in Spellcasting
 18604 | Lair:4   | Reached skill level 4 in Spellcasting
 18736 | Lair:4   | Reached skill level 6 in Charms
 19515 | Lair:4   | Reached skill level 5 in Spellcasting
 19789 | Lair:5   | Reached skill level 7 in Charms
 19874 | Lair:5   | Found a staircase to the Snake Pit.
 20221 | Lair:5   | Reached skill level 6 in Spellcasting
 20369 | Lair:5   | Reached skill level 8 in Charms
 20522 | Lair:5   | Learned a level 1 spell: Apportation
 21091 | Lair:5   | Reached skill level 7 in Spellcasting
 21213 | Lair:6   | Found a staircase to the Shoals.
 21217 | Lair:6   | Reached skill level 9 in Charms
 21948 | Lair:7   | Reached skill level 8 in Spellcasting
 22249 | Lair:8   | Entered Level 8 of the Lair of Beasts
 22556 | Lair:8   | Reached skill level 10 in Charms
 22848 | Lair:8   | Reached skill level 9 in Spellcasting
 22848 | Lair:8   | Reached XP level 15. HP: 53/108 MP: 27/29
 23202 | Lair:8   | Reached skill level 11 in Charms
 23864 | Lair:8   | Reached skill level 12 in Charms
 24407 | Lair:8   | Found a staircase to the Slime Pits.
 24827 | Lair:8   | Reached skill level 13 in Charms
 25231 | Lair:8   | Reached skill level 1 in Armour
 25727 | Lair:7   | Reached skill level 2 in Armour
 26637 | Lair:6   | Reached skill level 3 in Armour
 27445 | D:10     | Reached ****** piety under the Shining One
 27874 | D:11     | Found a staircase to the Orcish Mines.
 28231 | D:12     | Reached skill level 4 in Armour
 28546 | D:12     | Reached skill level 11 in Dodging
 29832 | D:13     | Reached skill level 13 in Fighting
 29832 | D:13     | Reached skill level 5 in Armour
 29858 | D:13     | Found a gate to the Vaults.
 30402 | D:13     | Reached XP level 16. HP: 115/117 MP: 30/30
 31808 | D:14     | Reached skill level 6 in Armour
 31866 | D:15     | Entered Level 15 of the Dungeon
 31871 | D:15     | Noticed Rupert
 31885 | D:15     | Killed Rupert
 31885 | D:15     | Reached skill level 12 in Dodging
 32036 | D:15     | Found a sacrificial altar of Ru.
 32447 | D:15     | Found a frozen archway.
 32457 | IceCv    | Entered an ice cave
 32896 | IceCv    | Reached skill level 7 in Armour
 33110 | IceCv    | Reached skill level 14 in Fighting
 34408 | D:11     | Reached skill level 13 in Dodging
 34529 | Orc:1    | Entered Level 1 of the Orcish Mines
 34884 | Orc:1    | Found an iron altar of Okawaru.
 35041 | Orc:1    | Found a roughly hewn altar of Beogh.
 35821 | Orc:4    | Entered Level 4 of the Orcish Mines
 36126 | Orc:4    | Found Ichops's Book Boutique.
 36148 | Orc:4    | Found Keimeiq's General Store.
 36350 | Orc:4    | Found a roughly hewn altar of Beogh.
 36818 | Orc:4    | Found Amehuut's Assorted Antiques.
 36949 | Orc:4    | Found Qumogent's Distillery.
 36976 | Orc:4    | Bought a potion of heal wounds for 75 gold pieces
 37113 | Orc:4    | Quit the game

Vault maps used:
D:1:      dpeg_arrival_short_road, tso_altar
D:2:      minmay_crystal_water
D:3:      ecumenical_altar_1
D:4:      overflow_temple_1_default, minmay_temple_entry_statues_pillars,
          uniq_eustachio, uniq_crazy_yiuf_cottage, uniq_blork_the_orc
D:5:      first_bread, yredelemnul_altar_generic, uniq_prince_ribbit1
D:6:      sigmund_army
D:7:      lemuel_ice_statue, serial_shops, kennysheep_little_box
D:8:      dpeg_oklobed_lair, serial_shops, nicolae_shop_behind_doors,
          uniq_maurice, uniq_pikel
D:9:      serial_bayou, serial_bayou_shore_b, serial_bayou_pond_c,
          serial_bayou_pond_d, serial_bayou_pond_b, basic_altar
D:10:     hangedman_stone_soup, kennysheep_opposing_triangles
D:11:     orc_0_dummy, hangedman_decor_slide_cut,
          hangedman_abyss_or_decor_stabs, serial_bayou_pond_c,
          minmay_statue_bubble
D:12:     minmay_goldmine
D:13:     david_vaults_2
D:14:     serial_park, serial_park_avenue1, serial_park_paths,
          serial_park_gazebo, serial_park_tiny_1, serial_park_tiny_pond,
          serial_park_tiny_2, serial_park_tiny_1, spider_trap, evilmike_minifort
D:15:     grunt_enter_depths_magical_seal, portal_ice_cave_entry_horrid_things,
          minmay_misc_feat_room, nicolae_ru_awakened_eye, uniq_rupert
Lair:2:   kennysheep_abandoned_house, lab_entry_generic, lemuel_fruit_fields
Lair:3:   lightli_volcano_entry_magma_tube, minivault_27, minmay_lindwurm_lava,
          uniq_nergalle
Lair:4:   st_stairs_3, infiniplex_staircase_pool
Lair:5:   minmay_snake_entry_guardpost_small, minmay_another_anthill,
          infiniplex_staircase_pool_2
Lair:6:   forest_paths, minmay_shoals_entry_centaurs, special_room,
          minmay_hedge_maze
Lair:7:   grunt_megastairs_3
Lair:8:   due_jungle_book, slime_dummy, lemuel_old_faithful
Orc:1:    nicolae_orc_accident_2, okawaru_metal_pillars_1_2
Orc:3:    serial_shops, nicolae_shop_behind_doors, nicolae_orc_pool_cavern,
          uniq_maud
Orc:4:    pubby_orc_utopia
Lab:      nicolae_lab_dead_adventurers, nicolae_lab_big_swirl,
          nicolae_lab_blocks, nicolae_lab_quarters
IceCv:    ice_cave_caverns_02
Volcano:  volcano_pools

Vanquished Creatures
  Rupert
  An azure jelly
  A frost giant
  An orc warlord
  6 dire elephants
  A minotaur
  6 hydras
  A rakshasa
  An anaconda
  A catoblepas
  2 centaur warriors
  2 death yaks
  A queen ant
  2 tengu warriors
  4 orc high priests Nergalle
  3 unseen horrors
  3 hill giants Pikel
  2 wizards
  2 manticores
  2 griffons
  A deep elf conjurer
  A hornet
  4 orc knights
  4 ugly things
  3 cyclopes
  11 elephants
  2 torpor snails Maurice
  A black mamba (shapeshifter)
  8 black mambas
  4 centaur zombies
  An ice statue
  A gargoyle
  3 fire drakes
  8 spiny frogs
  9 komodo dragons
  A kobold demonologist
  A red devil
  22 polar bears
  3 freezing wraiths
  A merfolk (shapeshifter)
  An efreet
  A wind drake (shapeshifter)
  4 trolls Prince Ribbit
  24 blink frogs
  A harpy skeleton
  A trapdoor spider
  2 two-headed ogres
  3 shadows
  3 deep elf magi
  2 spriggans
  8 hungry ghosts
  108 yaks Eustachio
  A human
  12 hippogriffs
  A steam dragon
  21 wolves
  3 basilisks
  A deep elf fighter
  A mottled dragon
  3 wyverns
  4 nagas
  3 wargs
  10 soldier ants
  2 vampire mosquitoes
  17 water moccasins
  3 hell hounds
  39 orc warriors
  12 porcupines
  4 slaves
  24 centaurs
  13 ogres
  An eye of draining
  3 phantoms
  An eye of draining (shapeshifter)
  6 ice beasts
  4 big kobolds
  10 crocodiles Blork the orc
  17 giant frogs
  A gnoll sergeant
  A wyvern skeleton
  9 scorpions
  A water moccasin zombie
  A water moccasin skeleton
  10 wights
  9 killer bees
  3 jellies
  2 giant frog zombies
  3 crimson imps
  A quasit
  2 giant frog skeletons
  25 orc wizards
  7 centaur skeletons
  8 iguanas Crazy Yiuf
  9 hounds
  27 orc priests
  2 hell rats
  23 worker ants
  32 sheep
  3 hound skeletons
  A hound zombie
  A worker ant zombie
  9 adders
  22 gnolls
  78 river rats
  4 shadow imps
  An ooze
  2 adder skeletons
  6 worms
  5 giant geckos
  181 orcs
  A ball python
  8 bats
  4 giant cockroaches
  11 goblins
  16 hobgoblins
  16 kobolds
  A giant gecko skeleton
  9 giant newts
  5 quokkas
  A quokka skeleton
  A quokka zombie
  16 rats
  A bush
  73 fungi
  57 plants
  10 spectral weapons
1232 creatures vanquished.
